Capitals vs Oilers

Created - November 25, 2016 at 18:05

Goals
1 2 3 T
Capitals 4 0 1 5
Oilers 0 1 1 2
Shots
1 2 3 T
Capitals 11 12 8 31
Oilers 14 13 10 37

1st period

1. Capitals , David Desharnais 9 (Taylor Hall) at 0:29
2. Capitals , Alexander Ovechkin 14 (Ryan Kesler, Morgan Rielly) at 10:28
3. Capitals , Viktor Stalberg 5 (Ryan McDonagh, David Desharnais) at 13:24 (PP)
4. Capitals , Viktor Stalberg 6 (Jack Johnson, Calvin de Haan) at 19:52

Penalties :
Mike Blunden (WSH) for Cross-checking (Minor) at 0:50, Brian Campbell (EDM) for Holding (Minor) at 13:06, Mike Blunden (WSH) for Hooking (Minor) at 15:18

2nd period

5. Oilers , Bo Horvat 5 (Mattias Ekholm, Jannik Hansen) at 13:02

Penalties :
Blake Wheeler (EDM) for Tripping (Minor) at 17:03

3rd period

6. Capitals , Taylor Hall 10 (David Desharnais) at 3:31 (PP)
7. Oilers , Aleksander Barkov 11 (Brad Marchand, Mattias Ekholm) at 9:43

Penalties :
Ryan Murphy (WSH) for Hooking (Minor) at 0:38, Alex Petrovic (EDM) for Hooking (Minor) at 2:52, Mike Green (WSH) for High sticking (Minor) at 6:56, Ryan Kesler (WSH) for Interference (Minor) at 12:53, Mike Green (WSH) for Hooking (Minor) at 13:00, Marc-Edouard Vlasic (EDM) for Roughing (Minor) at 17:37

Goalie Stats

Cam Ward (WSH), 35 saves from 37 shots - (0.946), W, 7-4-1, 60:00 minutes
Antti Raanta (EDM), 19 saves from 20 shots - (0.950), 40:08 minutes
Martin Jones (EDM), 7 saves from 11 shots - (0.636), L, 18-3-0, 19:52 minutes

Players Stats for Capitals

Player Name              G  A  P  +/- PIM S  H  SB GA TA FO     MP     PP MP  PK MP  
------------------------------------------------------------------------------------
Alexander Ovechkin       1  0  1   0  0   3  1  1  0  0  0/2    15:16   0:52   0:39 
Andrew Desjardins        0  0  0   0  0   4  1  0  0  0  0/0    13:57   0:00   1:00 
Calvin de Haan           0  1  1   1  0   0  1  2  0  0  0/0    20:09   1:31   6:02 
Cody Eakin               0  0  0   0  0   0  0  0  0  0  11/17  11:23   0:52   5:28 
David Desharnais         1  2  3   1  0   3  0  2  0  0  13/27  20:55   4:03   3:34 
Derek Dorsett            0  0  0   0  0   1  1  0  0  0  1/1     8:13   0:52   2:18 
Dmitri Orlov             0  0  0  -1  0   0  0  1  0  0  0/0     5:30   0:00   0:26 
Jack Johnson             0  1  1   1  0   1  1  0  0  0  0/0    13:46   0:00   1:10 
Jiri Tlusty              0  0  0   0  0   2  2  0  0  0  0/0    12:57   0:00   0:00 
Matt Stajan              0  0  0   0  0   2  1  0  0  0  10/17  12:57   0:00   0:00 
Mike Blunden             0  0  0   1  4   1  1  0  0  0  0/0    13:16   0:00   0:00 
Mike Green               0  0  0  -2  4   1  3  2  0  0  0/0    24:13   3:24   2:49 
Morgan Rielly            0  1  1   2  0   0  1  2  0  0  0/0    19:50   1:31   4:08 
Ryan Kesler              0  1  1   0  2   7  1  1  0  0  13/20  18:47   0:00   0:00 
Ryan McDonagh            0  1  1  -1  0   0  2  2  0  0  0/0    22:04   3:24   5:28 
Ryan Murphy              0  0  0   2  2   0  0  1  0  0  0/0    14:25   0:00   0:00 
Taylor Hall              1  1  2   1  0   2  0  0  0  0  3/10   22:34   4:03   5:13 
Viktor Stalberg          2  0  2   0  0   4  2  0  0  0  0/1    17:48   4:03   0:00 

Players Stats for Oilers

Player Name              G  A  P  +/- PIM S  H  SB GA TA FO     MP     PP MP  PK MP  
------------------------------------------------------------------------------------
Aleksander Barkov        1  0  1   0  0   2  0  0  0  0  17/32  20:20   5:54   0:00 
Alex Petrovic            0  0  0   0  2   1  1  0  0  0  0/0    16:20   0:32   0:23 
Blake Wheeler            0  0  0   0  2   4  2  0  0  0  1/2    20:19   5:54   0:00 
Bo Horvat                1  0  1   0  0   5  2  0  0  0  7/18   17:11   4:08   0:00 
Brad Marchand            0  1  1   0  0   1  0  0  0  0  0/1    22:04   5:54   1:44 
Brian Campbell           0  0  0  -2  2   0  1  2  0  0  0/0    21:47   4:50   2:46 
Dominic Moore            0  0  0  -1  0   1  1  0  0  0  8/14    8:29   0:00   3:11 
Jannik Hansen            0  1  1   0  0   7  4  0  0  0  1/3    17:11   4:08   0:00 
Jay Beagle               0  0  0   0  0   1  1  1  0  0  10/23  14:00   0:00   1:44 
Justin Williams          0  0  0   0  0   3  1  0  0  0  0/1    16:24   4:08   0:00 
Marc-Edouard Vlasic      0  0  0  -2  2   2  0  2  0  0  0/0    21:12   5:12   1:26 
Marco Scandella          0  0  0   1  0   2  2  1  0  0  0/0    22:02   4:50   2:10 
Matt Read                0  0  0   0  0   0  1  0  0  0  0/1    12:16   0:00   0:00 
Matthew Nieto            0  0  0  -1  0   0  0  0  0  0  0/0     5:18   0:00   0:00 
Mattias Ekholm           0  2  2   1  0   0  1  2  0  0  0/0    22:09   4:40   2:04 
Michael Grabner          0  0  0   0  0   3  0  0  0  0  0/0    16:14   0:00   3:11 
Nicklas Grossmann        0  0  0   0  0   4  2  1  0  0  0/0    16:27   0:00   1:01 
Scottie Upshall          0  0  0  -1  0   1  1  0  0  0  0/0     5:18   0:00   0:00 

3 Stars

1 - David Desharnais (WSH)
2 - Viktor Stalberg (WSH)
3 - Taylor Hall (WSH)

Power Play

Capitals - 2 on 4 Attempt(s) - 50.00%
Oilers - 0 on 6 Attempt(s) - 0.00%

Penalty Kill

Capitals - 6 on 6 Attempt(s) - 100.00% - Score 0 goal in Penalty Kill
Oilers - 2 on 4 Attempt(s) - 50.00% - Score 0 goal in Penalty Kill

Team Stat

Capitals - Hits : 18 - Faceoff Wins : 51 - Blocked Shots : 14 - Penalty Minutes : 12
Oilers - Hits : 20 - Faceoff Wins : 44 - Blocked Shots : 9 - Penalty Minutes : 8

Official

Referees : Jacob Brenk and Graham Skiliter
Linesman : Shandor Alphonso and Pierre Racicot

Game Notes

Antti Raanta enters game at 19:52 of 1st period

Finance

Level 1 -- Attendance: 6500 (100.00%) -- Ticket Income $604,500
Level 2 -- Attendance: 5000 (100.00%) -- Ticket Income $365,000
Level 3 -- Attendance: 2552 (72.91%) -- Ticket Income $165,880
Level 4 -- Attendance: 839 (100.00%) -- Ticket Income $52,018
Luxury Box -- Attendance: 898 (89.80%) -- Ticket Income $175,110
Game was played at the Rexall Place.
Total Attendance: 15789 (93.76%)
Total Ticket Income: $1,362,508
Other Income: $204,376
Total Income: $1,566,884

% Time on Ice - Capitals

Lines # - Real PCT - Wanted PCT - Time Play
Normal Forward
1 - 31% - 33% - 13:45
2 - 30% - 30% - 13:18
3 - 29% - 22% - 12:57
4 - 11% - 15% - 5:03
Normal Defense
1 - 29% - 33% - 12:57
2 - 32% - 26% - 14:26
3 - 28% - 26% - 12:36
4 - 11% - 15% - 5:04
PP Forward
1 - 82% - 60% - 4:03
2 - 18% - 40% - 0:52
PP Defense
1 - 69% - 60% - 3:24
2 - 31% - 40% - 1:31
PK Forward
1 - 72% - 60% - 5:52
2 - 28% - 40% - 2:18
PK Defense
1 - 56% - 60% - 4:34
2 - 44% - 40% - 3:36
PK3 Forward
1 - 68% - 60% - 1:16
2 - 32% - 40% - 0:36
PK3 Defense
1 - 71% - 60% - 1:20
2 - 29% - 40% - 0:32
44 Forward
1 - 0% - 60%
2 - 0% - 40%
44 Defense
1 - 0% - 60%
2 - 0% - 40%
Last Minute Offensive  - 0:00
Last Minute Defensive  - 0:00
Total
Forward - 60:00
Defense - 60:00

% Time on Ice - Oilers

Lines # - Real PCT - Wanted PCT - Time Play
Normal Forward
1 - 32% - 34% - 14:26
2 - 29% - 32% - 13:03
3 - 27% - 27% - 12:16
4 - 12% - 7% - 5:18
Normal Defense
1 - 32% - 34% - 14:12
2 - 33% - 33% - 15:02
3 - 34% - 33% - 15:26
4 - 1% - 0% - 0:23
PP Forward
1 - 59% - 55% - 5:54
2 - 41% - 45% - 4:08
PP Defense
1 - 52% - 50% - 5:12
2 - 48% - 50% - 4:50
PK Forward
1 - 65% - 55% - 3:11
2 - 35% - 45% - 1:44
PK Defense
1 - 58% - 50% - 2:51
2 - 42% - 50% - 2:04
PK3 Forward
1 - 0% - 60%
2 - 0% - 40%
PK3 Defense
1 - 0% - 50%
2 - 0% - 50%
44 Forward
1 - 0% - 50%
2 - 0% - 50%
44 Defense
1 - 0% - 50%
2 - 0% - 50%
Last Minute Offensive  - 0:00
Last Minute Defensive  - 0:00
Total
Forward - 60:00
Defense - 60:00

Play by Play

1st period


0:01 of 1st period - Aleksander Barkov wins face-off versus Ryan Kesler in neutral zone.
0:27 of 1st period - Shot by Alexander Ovechkin.
0:27 of 1st period - Stopped by Martin Jones without a rebound.
0:28 of 1st period - Taylor Hall wins face-off versus Bo Horvat in Oilers zone.
0:29 of 1st period - Shot by David Desharnais.
0:29 of 1st period - Goal by David Desharnais - Capitals : 1 - Oilers : 0.
0:30 of 1st period - David Desharnais wins face-off versus Jay Beagle in neutral zone.
0:50 of 1st period - Minor Penalty to Mike Blunden for Cross-checking.
0:51 of 1st period - Cody Eakin wins face-off versus Brad Marchand in Capitals zone.
1:00 of 1st period - Shot by Blake Wheeler.
1:00 of 1st period - Stopped by Cam Ward without a rebound.
1:01 of 1st period - Cody Eakin wins face-off versus Jannik Hansen in Capitals zone.
1:01 of 1st period - Cody Eakin is hit by Bo Horvat.
1:13 of 1st period - Shot by Justin Williams.
1:13 of 1st period - Stopped by Cam Ward with a rebound.
1:15 of 1st period - Shot by Justin Williams.
1:15 of 1st period - Stopped by Cam Ward without a rebound.
1:16 of 1st period - Cody Eakin wins face-off versus Aleksander Barkov in Capitals zone.
1:32 of 1st period - Off-side.
1:33 of 1st period - Cody Eakin wins face-off versus Bo Horvat in neutral zone.
1:57 of 1st period - Shot by Brian Campbell.
1:57 of 1st period - Shot Misses the Net.
1:59 of 1st period - Shot by Bo Horvat.
1:59 of 1st period - Shot Blocked by Calvin de Haan.
2:01 of 1st period - Shot by Jannik Hansen.
2:01 of 1st period - Shot Misses the Net.
2:03 of 1st period - Shot by Brian Campbell.
2:03 of 1st period - Shot Misses the Net.
2:05 of 1st period - Shot by Jannik Hansen.
2:05 of 1st period - Shot Misses the Net.
2:11 of 1st period - Shot by Bo Horvat.
2:11 of 1st period - Shot Misses the Net.
2:13 of 1st period - Shot by Jannik Hansen.
2:13 of 1st period - Shot Misses the Net.
2:15 of 1st period - Shot by Justin Williams.
2:15 of 1st period - Stopped by Cam Ward without a rebound.
2:16 of 1st period - David Desharnais wins face-off versus Aleksander Barkov in Capitals zone.
3:03 of 1st period - Shot by Andrew Desjardins.
3:03 of 1st period - Stopped by Martin Jones without a rebound.
3:04 of 1st period - Ryan Kesler wins face-off versus Bo Horvat in Oilers zone.
3:13 of 1st period - Alexander Ovechkin is hit by Jannik Hansen.
3:33 of 1st period - Shot by Nicklas Grossmann.
3:33 of 1st period - Stopped by Cam Ward without a rebound.
3:34 of 1st period - David Desharnais wins face-off versus Aleksander Barkov in Capitals zone.
3:36 of 1st period - Icing by Taylor Hall.
3:37 of 1st period - Aleksander Barkov wins face-off versus David Desharnais in Capitals zone.
3:40 of 1st period - Shot by Blake Wheeler.
3:40 of 1st period - Shot Blocked by David Desharnais.
4:43 of 1st period - Shot by Andrew Desjardins.
4:43 of 1st period - Shot Misses the Net.
4:45 of 1st period - Shot by Jiri Tlusty.
4:45 of 1st period - Shot Misses the Net.
4:47 of 1st period - Shot by Jiri Tlusty.
4:47 of 1st period - Stopped by Martin Jones without a rebound.
4:48 of 1st period - Jay Beagle wins face-off versus Cody Eakin in Oilers zone.
4:54 of 1st period - Icing by Brian Campbell.
4:55 of 1st period - Ryan Kesler wins face-off versus Jay Beagle in Oilers zone.
5:20 of 1st period - Shot by Justin Williams.
5:20 of 1st period - Shot Misses the Net.
5:50 of 1st period - Shot by Bo Horvat.
5:50 of 1st period - Shot Misses the Net.
5:55 of 1st period - Icing by Morgan Rielly.
5:56 of 1st period - Aleksander Barkov wins face-off versus Ryan Kesler in Capitals zone.
5:59 of 1st period - Shot by Blake Wheeler.
5:59 of 1st period - Shot Misses the Net.
6:01 of 1st period - Shot by Marco Scandella.
6:01 of 1st period - Stopped by Cam Ward with a rebound.
6:05 of 1st period - Shot by Blake Wheeler.
6:05 of 1st period - Shot Misses the Net.
6:07 of 1st period - Shot by Aleksander Barkov.
6:07 of 1st period - Stopped by Cam Ward without a rebound.
6:08 of 1st period - Matt Stajan wins face-off versus Bo Horvat in Capitals zone.
6:08 of 1st period - Matt Stajan is hit by Alex Petrovic.
6:11 of 1st period - Mike Green is hit by Jannik Hansen and loses puck.
6:37 of 1st period - Shot by Michael Grabner.
6:37 of 1st period - Shot Hit the Post.
6:39 of 1st period - Shot by Alex Petrovic.
6:39 of 1st period - Stopped by Cam Ward without a rebound.
6:40 of 1st period - Aleksander Barkov wins face-off versus David Desharnais in Capitals zone.
6:41 of 1st period - Shot by Blake Wheeler.
6:41 of 1st period - Shot Misses the Net.
6:43 of 1st period - Shot by Mattias Ekholm.
6:43 of 1st period - Shot Misses the Net.
6:45 of 1st period - Shot by Blake Wheeler.
6:45 of 1st period - Stopped by Cam Ward without a rebound.
6:46 of 1st period - Jay Beagle wins face-off versus David Desharnais in Capitals zone.
7:05 of 1st period - Shot by Jay Beagle.
7:05 of 1st period - Stopped by Cam Ward without a rebound.
7:06 of 1st period - Cody Eakin wins face-off versus Jannik Hansen in Capitals zone.
7:11 of 1st period - Shot by Ryan Kesler.
7:11 of 1st period - Shot Misses the Net.
7:25 of 1st period - Shot by Jannik Hansen.
7:25 of 1st period - Shot Misses the Net.
7:34 of 1st period - Icing by Ryan Kesler.
7:35 of 1st period - Aleksander Barkov wins face-off versus Ryan Kesler in Capitals zone.
7:36 of 1st period - Shot by Brad Marchand.
7:36 of 1st period - Shot Blocked by Ryan Kesler.
7:41 of 1st period - Off-side.
7:42 of 1st period - Matt Stajan wins face-off versus Blake Wheeler in neutral zone.
8:15 of 1st period - Shot by Jiri Tlusty.
8:15 of 1st period - Shot Misses the Net.
8:17 of 1st period - Shot by Matt Stajan.
8:17 of 1st period - Shot Misses the Net.
8:19 of 1st period - Shot by Matt Stajan.
8:19 of 1st period - Deflect By Jiri Tlusty.
8:19 of 1st period - Stopped by Martin Jones with a rebound.
8:58 of 1st period - Shot by Jannik Hansen.
8:58 of 1st period - Shot Misses the Net.
9:26 of 1st period - Shot by Michael Grabner.
9:26 of 1st period - Stopped by Cam Ward without a rebound.
9:27 of 1st period - Ryan Kesler wins face-off versus Jay Beagle in Capitals zone.
9:34 of 1st period - Shot by Ryan Kesler.
9:34 of 1st period - Shot Blocked by Jay Beagle.
9:39 of 1st period - Off-side.
9:40 of 1st period - Cody Eakin wins face-off versus Dominic Moore in neutral zone.
9:45 of 1st period - Icing by Marc-Edouard Vlasic.
9:46 of 1st period - Ryan Kesler wins face-off versus Dominic Moore in Oilers zone.
10:07 of 1st period - Ryan Kesler is hit by Dominic Moore and loses puck.
10:16 of 1st period - Shot by Alexander Ovechkin.
10:16 of 1st period - Shot Blocked by Marc-Edouard Vlasic.
10:18 of 1st period - Shot by Viktor Stalberg.
10:18 of 1st period - Stopped by Martin Jones with a rebound.
10:22 of 1st period - Shot by Ryan Kesler.
10:22 of 1st period - Shot Misses the Net.
10:28 of 1st period - Shot by Alexander Ovechkin.
10:28 of 1st period - Goal by Alexander Ovechkin - Capitals : 2 - Oilers : 0.
10:29 of 1st period - David Desharnais wins face-off versus Jay Beagle in neutral zone.
11:27 of 1st period - Mike Green is hit by Nicklas Grossmann and loses puck.
11:49 of 1st period - Michael Grabner is hit by Jack Johnson and loses puck.
12:02 of 1st period - Jannik Hansen is hit by Andrew Desjardins and loses puck.
12:32 of 1st period - Icing by Ryan Kesler.
12:33 of 1st period - Cody Eakin wins face-off versus Dominic Moore in Capitals zone.
12:33 of 1st period - Cody Eakin is hit by Scottie Upshall.
12:54 of 1st period - Shot by Dominic Moore.
12:54 of 1st period - Shot Misses the Net.
13:00 of 1st period - Brian Campbell is hit by Derek Dorsett and loses puck.
13:06 of 1st period - Minor Penalty to Brian Campbell for Holding.
13:07 of 1st period - Dominic Moore wins face-off versus David Desharnais in Oilers zone.
13:22 of 1st period - Shot by Ryan McDonagh.
13:22 of 1st period - Shot Blocked by Mattias Ekholm.
13:24 of 1st period - Shot by Viktor Stalberg.
13:24 of 1st period - Goal by Viktor Stalberg - Capitals : 3 - Oilers : 0.
13:25 of 1st period - Blake Wheeler wins face-off versus Matt Stajan in neutral zone.
13:32 of 1st period - Shot by Jiri Tlusty.
13:32 of 1st period - Shot Blocked by Nicklas Grossmann.
13:52 of 1st period - Shot by Jiri Tlusty.
13:52 of 1st period - Shot Misses the Net.
14:06 of 1st period - Shot by Andrew Desjardins.
14:06 of 1st period - Stopped by Martin Jones without a rebound.
14:07 of 1st period - Ryan Kesler wins face-off versus Jay Beagle in Oilers zone.
14:20 of 1st period - Jay Beagle is hit by Viktor Stalberg and loses puck.
14:43 of 1st period - Shot by Alexander Ovechkin.
14:43 of 1st period - Deflect By Ryan Kesler.
14:43 of 1st period - Shot Misses the Net.
14:50 of 1st period - Matt Read is hit by Ryan McDonagh and loses puck.
15:18 of 1st period - Minor Penalty to Mike Blunden for Hooking.
15:19 of 1st period - Aleksander Barkov wins face-off versus Cody Eakin in Capitals zone.
15:44 of 1st period - Shot by Marc-Edouard Vlasic.
15:44 of 1st period - Stopped by Cam Ward with a rebound.
15:54 of 1st period - Shot by Blake Wheeler.
15:54 of 1st period - Shot Misses the Net.
16:32 of 1st period - Shot by Jannik Hansen.
16:32 of 1st period - Stopped by Cam Ward with a rebound.
17:13 of 1st period - Shot by Marc-Edouard Vlasic.
17:13 of 1st period - Shot Blocked by Ryan McDonagh.
17:15 of 1st period - Shot by Alex Petrovic.
17:15 of 1st period - Shot Misses the Net.
18:13 of 1st period - Icing by Matt Stajan.
18:14 of 1st period - Bo Horvat wins face-off versus Matt Stajan in Capitals zone.
18:15 of 1st period - Shot by Jannik Hansen.
18:15 of 1st period - Stopped by Cam Ward without a rebound.
18:16 of 1st period - Bo Horvat wins face-off versus Matt Stajan in Capitals zone.
18:29 of 1st period - Shot by Marco Scandella.
18:29 of 1st period - Shot Misses the Net.
18:31 of 1st period - Shot by Michael Grabner.
18:31 of 1st period - Shot Blocked by Ryan Murphy.
18:59 of 1st period - Shot by Jannik Hansen.
18:59 of 1st period - Shot Misses the Net.
19:19 of 1st period - Shot by Ryan Kesler.
19:19 of 1st period - Stopped by Martin Jones with a rebound.
19:27 of 1st period - Shot by Alexander Ovechkin.
19:27 of 1st period - Deflect By Ryan Kesler.
19:27 of 1st period - Shot Misses the Net.
19:41 of 1st period - Ryan Kesler is hit by Blake Wheeler and loses puck.
19:50 of 1st period - Shot by Jack Johnson.
19:50 of 1st period - Shot Blocked by Marc-Edouard Vlasic.
19:52 of 1st period - Shot by Viktor Stalberg.
19:52 of 1st period - Goal by Viktor Stalberg - Capitals : 4 - Oilers : 0.
19:52 of 1st period - Antti Raanta enters game.
19:53 of 1st period - Jay Beagle wins face-off versus David Desharnais in neutral zone.
Goals for this period are 4 for Capitals vs 0 for Oilers.
Shots for this period are 11 for Capitals vs 14 for Oilers.

2nd period


0:01 of 2nd period - David Desharnais wins face-off versus Aleksander Barkov in neutral zone.
0:10 of 2nd period - Shot by David Desharnais.
0:10 of 2nd period - Stopped by Antti Raanta without a rebound.
0:11 of 2nd period - Jay Beagle wins face-off versus Ryan Kesler in Oilers zone.
0:29 of 2nd period - Off-side.
0:30 of 2nd period - Aleksander Barkov wins face-off versus David Desharnais in neutral zone.
0:30 of 2nd period - Brad Marchand is hit by Mike Blunden.
0:39 of 2nd period - Shot by Blake Wheeler.
0:39 of 2nd period - Shot Misses the Net.
0:41 of 2nd period - Shot by Brad Marchand.
0:41 of 2nd period - Shot Blocked by Calvin de Haan.
1:10 of 2nd period - Blake Wheeler is hit by Calvin de Haan and loses puck.
1:39 of 2nd period - Shot by Michael Grabner.
1:39 of 2nd period - Deflect By Jannik Hansen.
1:39 of 2nd period - Shot Misses the Net.
1:41 of 2nd period - Shot by Michael Grabner.
1:41 of 2nd period - Shot Blocked by Mike Green.
1:57 of 2nd period - Shot by Jannik Hansen.
1:57 of 2nd period - Shot Blocked by Alexander Ovechkin.
1:59 of 2nd period - Shot by Michael Grabner.
1:59 of 2nd period - Deflect By Bo Horvat.
1:59 of 2nd period - Stopped by Cam Ward without a rebound.
2:00 of 2nd period - Matt Stajan wins face-off versus Jay Beagle in Capitals zone.
2:08 of 2nd period - Icing by Justin Williams.
2:09 of 2nd period - Ryan Kesler wins face-off versus Jay Beagle in Oilers zone.
2:45 of 2nd period - Off-side.
2:46 of 2nd period - Matt Stajan wins face-off versus Aleksander Barkov in neutral zone.
3:01 of 2nd period - Shot by Aleksander Barkov.
3:01 of 2nd period - Shot Misses the Net.
3:07 of 2nd period - Shot by Blake Wheeler.
3:07 of 2nd period - Stopped by Cam Ward without a rebound.
3:08 of 2nd period - David Desharnais wins face-off versus Bo Horvat in Capitals zone.
3:30 of 2nd period - Icing by Jack Johnson.
3:31 of 2nd period - David Desharnais wins face-off versus Aleksander Barkov in Capitals zone.
4:07 of 2nd period - Icing by Calvin de Haan.
4:08 of 2nd period - David Desharnais wins face-off versus Bo Horvat in Capitals zone.
4:08 of 2nd period - David Desharnais is hit by Jannik Hansen.
4:43 of 2nd period - Icing by Michael Grabner.
4:44 of 2nd period - Bo Horvat wins face-off versus Ryan Kesler in Oilers zone.
4:48 of 2nd period - Michael Grabner is hit by Ryan McDonagh and loses puck.
5:29 of 2nd period - Icing by Nicklas Grossmann.
5:30 of 2nd period - Matt Stajan wins face-off versus Jay Beagle in Oilers zone.
5:33 of 2nd period - Shot by Jiri Tlusty.
5:33 of 2nd period - Shot Misses the Net.
5:35 of 2nd period - Shot by Matt Stajan.
5:35 of 2nd period - Stopped by Antti Raanta with a rebound.
5:37 of 2nd period - Shot by Andrew Desjardins.
5:37 of 2nd period - Shot Misses the Net.
5:39 of 2nd period - Shot by Andrew Desjardins.
5:39 of 2nd period - Stopped by Antti Raanta without a rebound.
5:40 of 2nd period - Matt Stajan wins face-off versus Aleksander Barkov in Oilers zone.
5:53 of 2nd period - Shot by Matt Stajan.
5:53 of 2nd period - Stopped by Antti Raanta without a rebound.
5:54 of 2nd period - Cody Eakin wins face-off versus Jay Beagle in Oilers zone.
5:54 of 2nd period - Ryan Kesler is hit by Nicklas Grossmann and loses puck.
6:11 of 2nd period - Shot by Justin Williams.
6:11 of 2nd period - Shot Misses the Net.
6:13 of 2nd period - Shot by Nicklas Grossmann.
6:13 of 2nd period - Stopped by Cam Ward without a rebound.
6:14 of 2nd period - Aleksander Barkov wins face-off versus David Desharnais in Capitals zone.
6:34 of 2nd period - David Desharnais is hit by Marco Scandella and loses puck.
6:37 of 2nd period - Shot by Taylor Hall.
6:37 of 2nd period - Stopped by Antti Raanta without a rebound.
6:38 of 2nd period - Ryan Kesler wins face-off versus Jay Beagle in Oilers zone.
6:39 of 2nd period - Shot by Alexander Ovechkin.
6:39 of 2nd period - Shot Hit the Post.
7:04 of 2nd period - Morgan Rielly is hit by Matt Read and loses puck.
7:10 of 2nd period - Icing by Ryan Kesler.
7:11 of 2nd period - Ryan Kesler wins face-off versus Bo Horvat in Capitals zone.
7:11 of 2nd period - Ryan Kesler is hit by Bo Horvat.
7:29 of 2nd period - Shot by Ryan Kesler.
7:29 of 2nd period - Stopped by Antti Raanta without a rebound.
7:30 of 2nd period - David Desharnais wins face-off versus Aleksander Barkov in Oilers zone.
7:57 of 2nd period - Icing by Brad Marchand.
7:58 of 2nd period - Matt Stajan wins face-off versus Aleksander Barkov in Oilers zone.
8:15 of 2nd period - Shot by Aleksander Barkov.
8:15 of 2nd period - Deflect By Blake Wheeler.
8:15 of 2nd period - Shot Misses the Net.
8:25 of 2nd period - Shot by Blake Wheeler.
8:25 of 2nd period - Shot Misses the Net.
8:36 of 2nd period - Off-side.
8:37 of 2nd period - Jannik Hansen wins face-off versus Alexander Ovechkin in neutral zone.
8:43 of 2nd period - Jannik Hansen is hit by Mike Green and loses puck.
8:54 of 2nd period - Shot by Bo Horvat.
8:54 of 2nd period - Stopped by Cam Ward with a rebound.
8:56 of 2nd period - Shot by Jannik Hansen.
8:56 of 2nd period - Stopped by Cam Ward with a rebound.
8:58 of 2nd period - Shot by Michael Grabner.
8:58 of 2nd period - Shot Misses the Net.
9:00 of 2nd period - Shot by Michael Grabner.
9:00 of 2nd period - Stopped by Cam Ward with a rebound.
9:02 of 2nd period - Shot by Jannik Hansen.
9:02 of 2nd period - Shot Misses the Net.
9:08 of 2nd period - Shot by Michael Grabner.
9:08 of 2nd period - Stopped by Cam Ward with a rebound.
9:10 of 2nd period - Shot by Bo Horvat.
9:10 of 2nd period - Deflect By Jannik Hansen.
9:10 of 2nd period - Stopped by Cam Ward without a rebound.
9:11 of 2nd period - Jay Beagle wins face-off versus David Desharnais in Capitals zone.
9:48 of 2nd period - Jay Beagle is hit by Morgan Rielly and loses puck.
10:21 of 2nd period - Icing by Brian Campbell.
10:22 of 2nd period - Jay Beagle wins face-off versus Matt Stajan in Oilers zone.
10:22 of 2nd period - Justin Williams is hit by Jiri Tlusty.
11:38 of 2nd period - Shot by Alexander Ovechkin.
11:38 of 2nd period - Stopped by Antti Raanta without a rebound.
11:39 of 2nd period - David Desharnais wins face-off versus Bo Horvat in Oilers zone.
12:00 of 2nd period - Shot by Bo Horvat.
12:00 of 2nd period - Stopped by Cam Ward with a rebound.
12:02 of 2nd period - Shot by Marco Scandella.
12:02 of 2nd period - Shot Blocked by Morgan Rielly.
12:04 of 2nd period - Shot by Marco Scandella.
12:04 of 2nd period - Stopped by Cam Ward without a rebound.
12:05 of 2nd period - Dominic Moore wins face-off versus Alexander Ovechkin in Capitals zone.
12:22 of 2nd period - Shot by Scottie Upshall.
12:22 of 2nd period - Stopped by Cam Ward with a rebound.
12:55 of 2nd period - Jannik Hansen is hit by Ryan Kesler and loses puck.
13:02 of 2nd period - Shot by Bo Horvat.
13:02 of 2nd period - Goal by Bo Horvat - Capitals : 4 - Oilers : 1.
13:03 of 2nd period - Aleksander Barkov wins face-off versus David Desharnais in neutral zone.
13:07 of 2nd period - Off-side.
13:08 of 2nd period - David Desharnais wins face-off versus Bo Horvat in neutral zone.
13:27 of 2nd period - Shot by David Desharnais.
13:27 of 2nd period - Shot Blocked by Marco Scandella.
14:21 of 2nd period - Mattias Ekholm is hit by Matt Stajan and loses puck.
14:32 of 2nd period - Shot by Matt Stajan.
14:32 of 2nd period - Shot Blocked by Mattias Ekholm.
14:34 of 2nd period - Shot by Jack Johnson.
14:34 of 2nd period - Stopped by Antti Raanta without a rebound.
14:35 of 2nd period - Aleksander Barkov wins face-off versus Cody Eakin in Oilers zone.
15:22 of 2nd period - Icing by Derek Dorsett.
15:23 of 2nd period - Cody Eakin wins face-off versus Justin Williams in Capitals zone.
15:51 of 2nd period - David Desharnais is hit by Brian Campbell and loses puck.
16:05 of 2nd period - Off-side.
16:06 of 2nd period - Dominic Moore wins face-off versus Matt Stajan in neutral zone.
16:18 of 2nd period - Off-side.
16:19 of 2nd period - Aleksander Barkov wins face-off versus Ryan Kesler in neutral zone.
16:32 of 2nd period - Aleksander Barkov is hit by Alexander Ovechkin and loses puck.
16:39 of 2nd period - Shot by Ryan Kesler.
16:39 of 2nd period - Stopped by Antti Raanta without a rebound.
16:40 of 2nd period - Jay Beagle wins face-off versus David Desharnais in Oilers zone.
16:51 of 2nd period - Shot by Matt Read.
16:51 of 2nd period - Shot Misses the Net.
16:53 of 2nd period - Shot by Nicklas Grossmann.
16:53 of 2nd period - Stopped by Cam Ward without a rebound.
16:54 of 2nd period - Aleksander Barkov wins face-off versus Ryan Kesler in Capitals zone.
16:58 of 2nd period - Icing by Jack Johnson.
16:59 of 2nd period - Aleksander Barkov wins face-off versus Viktor Stalberg in Capitals zone.
17:03 of 2nd period - Minor Penalty to Blake Wheeler for Tripping.
17:04 of 2nd period - Dominic Moore wins face-off versus Taylor Hall in Oilers zone.
17:13 of 2nd period - Shot by Mike Green.
17:13 of 2nd period - Stopped by Antti Raanta without a rebound.
17:14 of 2nd period - Dominic Moore wins face-off versus Taylor Hall in Oilers zone.
17:14 of 2nd period - Marc-Edouard Vlasic is hit by Viktor Stalberg and loses puck.
17:24 of 2nd period - Icing by Viktor Stalberg.
17:25 of 2nd period - Taylor Hall wins face-off versus Dominic Moore in Capitals zone.
17:39 of 2nd period - Shot by Taylor Hall.
17:39 of 2nd period - Shot Misses the Net.
17:46 of 2nd period - Icing by David Desharnais.
17:47 of 2nd period - Taylor Hall wins face-off versus Dominic Moore in Capitals zone.
18:00 of 2nd period - Shot by Viktor Stalberg.
18:00 of 2nd period - Shot Misses the Net.
18:12 of 2nd period - Shot by David Desharnais.
18:12 of 2nd period - Shot Misses the Net.
18:19 of 2nd period - Icing by Viktor Stalberg.
18:20 of 2nd period - Jay Beagle wins face-off versus Taylor Hall in Capitals zone.
18:20 of 2nd period - Jay Beagle is hit by Mike Green.
18:28 of 2nd period - Shot by Jay Beagle.
18:28 of 2nd period - Deflect By Brad Marchand.
18:28 of 2nd period - Shot Blocked by Ryan McDonagh.
18:40 of 2nd period - Shot by Brad Marchand.
18:40 of 2nd period - Shot Blocked by David Desharnais.
19:19 of 2nd period - Shot by Cody Eakin.
19:19 of 2nd period - Shot Misses the Net.
19:21 of 2nd period - Shot by Ryan Kesler.
19:21 of 2nd period - Stopped by Antti Raanta with a rebound.
19:23 of 2nd period - Shot by Derek Dorsett.
19:23 of 2nd period - Stopped by Antti Raanta without a rebound.
19:24 of 2nd period - Dominic Moore wins face-off versus Matt Stajan in Oilers zone.
19:24 of 2nd period - Marc-Edouard Vlasic is hit by Jiri Tlusty and loses puck.
19:53 of 2nd period - Shot by Jiri Tlusty.
19:53 of 2nd period - Shot Blocked by Brian Campbell.
Goals for this period are 0 for Capitals vs 1 for Oilers.
Shots for this period are 12 for Capitals vs 13 for Oilers.

3rd period


0:01 of 3rd period - Ryan Kesler wins face-off versus Aleksander Barkov in neutral zone.
0:15 of 3rd period - Shot by Ryan Kesler.
0:15 of 3rd period - Stopped by Antti Raanta without a rebound.
0:16 of 3rd period - Jay Beagle wins face-off versus David Desharnais in Oilers zone.
0:38 of 3rd period - Minor Penalty to Ryan Murphy for Hooking.
0:39 of 3rd period - Aleksander Barkov wins face-off versus Cody Eakin in Capitals zone.
1:50 of 3rd period - Cody Eakin is hit by Justin Williams and loses puck.
2:17 of 3rd period - Shot by Bo Horvat.
2:17 of 3rd period - Stopped by Cam Ward without a rebound.
2:18 of 3rd period - Aleksander Barkov wins face-off versus David Desharnais in Capitals zone.
2:43 of 3rd period - Shot by Jiri Tlusty.
2:43 of 3rd period - Shot Misses the Net.
2:52 of 3rd period - Minor Penalty to Alex Petrovic for Hooking.
2:53 of 3rd period - Dominic Moore wins face-off versus Taylor Hall in Oilers zone.
3:06 of 3rd period - Shot by Calvin de Haan.
3:06 of 3rd period - Shot Misses the Net.
3:31 of 3rd period - Shot by Taylor Hall.
3:31 of 3rd period - Goal by Taylor Hall - Capitals : 5 - Oilers : 1.
3:32 of 3rd period - Jay Beagle wins face-off versus Matt Stajan in neutral zone.
4:53 of 3rd period - Shot by Viktor Stalberg.
4:53 of 3rd period - Shot Misses the Net.
5:00 of 3rd period - Alexander Ovechkin is hit by Mattias Ekholm and loses puck.
5:04 of 3rd period - Ryan Kesler is hit by Marco Scandella and loses puck.
5:19 of 3rd period - Viktor Stalberg is hit by Blake Wheeler and loses puck.
6:00 of 3rd period - Shot by Mike Blunden.
6:00 of 3rd period - Shot Misses the Net.
6:02 of 3rd period - Shot by Mike Blunden.
6:02 of 3rd period - Stopped by Antti Raanta without a rebound.
6:03 of 3rd period - David Desharnais wins face-off versus Jay Beagle in Oilers zone.
6:17 of 3rd period - Icing by Nicklas Grossmann.
6:18 of 3rd period - Cody Eakin wins face-off versus Matt Read in Oilers zone.
6:35 of 3rd period - Shot by Jay Beagle.
6:35 of 3rd period - Shot Misses the Net.
6:55 of 3rd period - Shot by Jay Beagle.
6:55 of 3rd period - Shot Blocked by Dmitri Orlov.
6:56 of 3rd period - Minor Penalty to Mike Green for High sticking.
6:57 of 3rd period - Cody Eakin wins face-off versus Aleksander Barkov in Capitals zone.
8:16 of 3rd period - Shot by Marc-Edouard Vlasic.
8:16 of 3rd period - Stopped by Cam Ward with a rebound.
8:18 of 3rd period - Shot by Jannik Hansen.
8:18 of 3rd period - Stopped by Cam Ward without a rebound.
8:19 of 3rd period - David Desharnais wins face-off versus Aleksander Barkov in Capitals zone.
8:31 of 3rd period - Off-side.
8:32 of 3rd period - Bo Horvat wins face-off versus Cody Eakin in neutral zone.
8:35 of 3rd period - Shot by Jannik Hansen.
8:35 of 3rd period - Stopped by Cam Ward without a rebound.
8:36 of 3rd period - Bo Horvat wins face-off versus Cody Eakin in Capitals zone.
8:55 of 3rd period - Shot by Jannik Hansen.
8:55 of 3rd period - Stopped by Cam Ward without a rebound.
8:56 of 3rd period - Ryan Kesler wins face-off versus Aleksander Barkov in Capitals zone.
9:17 of 3rd period - Shot by Aleksander Barkov.
9:17 of 3rd period - Shot Misses the Net.
9:19 of 3rd period - Shot by Brad Marchand.
9:19 of 3rd period - Stopped by Cam Ward without a rebound.
9:20 of 3rd period - Matt Stajan wins face-off versus Bo Horvat in Capitals zone.
9:20 of 3rd period - Matt Stajan is hit by Jannik Hansen.
9:33 of 3rd period - Shot by Andrew Desjardins.
9:33 of 3rd period - Stopped by Antti Raanta without a rebound.
9:34 of 3rd period - Ryan Kesler wins face-off versus Aleksander Barkov in Oilers zone.
9:43 of 3rd period - Shot by Aleksander Barkov.
9:43 of 3rd period - Goal by Aleksander Barkov - Capitals : 5 - Oilers : 2.
9:44 of 3rd period - Bo Horvat wins face-off versus Taylor Hall in neutral zone.
10:32 of 3rd period - Marc-Edouard Vlasic is hit by Mike Green and loses puck.
11:07 of 3rd period - Shot by Aleksander Barkov.
11:07 of 3rd period - Shot Misses the Net.
11:19 of 3rd period - Shot by Blake Wheeler.
11:19 of 3rd period - Stopped by Cam Ward without a rebound.
11:20 of 3rd period - Matt Stajan wins face-off versus Jay Beagle in Capitals zone.
11:37 of 3rd period - Shot by Justin Williams.
11:37 of 3rd period - Shot Misses the Net.
11:39 of 3rd period - Shot by Alex Petrovic.
11:39 of 3rd period - Shot Misses the Net.
11:43 of 3rd period - Shot by Matt Read.
11:43 of 3rd period - Deflect By Jay Beagle.
11:43 of 3rd period - Shot Blocked by Morgan Rielly.
12:43 of 3rd period - Shot by Dominic Moore.
12:43 of 3rd period - Stopped by Cam Ward without a rebound.
12:44 of 3rd period - Ryan Kesler wins face-off versus Bo Horvat in Capitals zone.
12:53 of 3rd period - Minor Penalty to Ryan Kesler for Interference.
12:54 of 3rd period - Aleksander Barkov wins face-off versus Taylor Hall in Capitals zone.
13:00 of 3rd period - Minor Penalty to Mike Green for Hooking.
13:01 of 3rd period - Aleksander Barkov wins face-off versus David Desharnais in Capitals zone.
14:22 of 3rd period - Shot by Marco Scandella.
14:22 of 3rd period - Shot Misses the Net.
14:24 of 3rd period - Shot by Marco Scandella.
14:24 of 3rd period - Shot Misses the Net.
15:16 of 3rd period - Shot by Alex Petrovic.
15:16 of 3rd period - Shot Blocked by Mike Green.
15:18 of 3rd period - Shot by Matthew Nieto.
15:18 of 3rd period - Shot Misses the Net.
15:20 of 3rd period - Shot by Scottie Upshall.
15:20 of 3rd period - Shot Misses the Net.
15:22 of 3rd period - Shot by Nicklas Grossmann.
15:22 of 3rd period - Stopped by Cam Ward without a rebound.
15:23 of 3rd period - Matt Stajan wins face-off versus Jay Beagle in Capitals zone.
15:23 of 3rd period - Matt Stajan is hit by Jay Beagle.
16:26 of 3rd period - Icing by Mike Green.
16:27 of 3rd period - Ryan Kesler wins face-off versus Aleksander Barkov in Capitals zone.
16:37 of 3rd period - Shot by Viktor Stalberg.
16:37 of 3rd period - Shot Misses the Net.
16:41 of 3rd period - Shot by Alexander Ovechkin.
16:41 of 3rd period - Deflect By Ryan Kesler.
16:41 of 3rd period - Shot Misses the Net.
16:43 of 3rd period - Shot by Ryan Kesler.
16:43 of 3rd period - Stopped by Antti Raanta with a rebound.
16:56 of 3rd period - Shot by Viktor Stalberg.
16:56 of 3rd period - Stopped by Antti Raanta with a rebound.
17:10 of 3rd period - Shot by Ryan Kesler.
17:10 of 3rd period - Stopped by Antti Raanta with a rebound.
17:25 of 3rd period - Icing by Jack Johnson.
17:26 of 3rd period - Bo Horvat wins face-off versus David Desharnais in Capitals zone.
17:37 of 3rd period - Shot by David Desharnais.
17:37 of 3rd period - Stopped by Antti Raanta without a rebound.
17:37 of 3rd period - Minor Penalty to Marc-Edouard Vlasic for Roughing.
17:38 of 3rd period - Derek Dorsett wins face-off versus Dominic Moore in Oilers zone.
18:48 of 3rd period - Shot by Ryan McDonagh.
18:48 of 3rd period - Shot Blocked by Brian Campbell.
18:57 of 3rd period - Off-side.
18:58 of 3rd period - Dominic Moore wins face-off versus Taylor Hall in neutral zone.
Goals for this period are 1 for Capitals vs 1 for Oilers.
Shots for this period are 8 for Capitals vs 10 for Oilers.